 Dungeon Crawl Stone Soup version 0.30.0-19-g36f170ea60 (webtiles) character file.

Game seed: 5756443093829906088

1473362 2FriedEggs the Meteorologist (level 26, 283/283 HPs)
             Began as a Demigod Air Elementalist on May 14, 2023.
             Escaped with the Orb
             ... and 3 runes on May 29, 2023!
             The game lasted 05:04:39 (101584 turns).

2FriedEggs the Meteorologist (DgAE)               Turns: 101584, Time: 05:04:39

Health: 283/283    AC: 13    Str:  7    XL:     26   Next: 61%
Magic:  51/51      EV: 29    Int: 59    God:
Gold:   1586       SH:  0    Dex: 24    Spells: 17/60 levels left

rFire   + + +        e - staff of air "Foss" {Fragile rElec rF++ Dex+5}
rCold   + + .        M - orb {*channel}
rNeg    + + .        E - +1 robe of the Cockatrice {rElec Regen+ Int+4 Archmagi}
rPois   +            D - +2 hat {Will+}
rElec   +            s - +2 cloak {rPois}
rCorr   +            h - +2 pair of gloves
SInv    .            g - +2 pair of boots
Will    +++..        v - amulet of magic regeneration
Stlth   +            O - ring of Gisenamo {rC+ rN+ rCorr Int+2 Dex+5}
HPRegen 1.47/turn    K - ring of the Tempest {rF+ rC+ rN+ Int+6}
MPRegen 0.72/turn

%: archmagi, channel magic (20%)
@: studying 2 skills
A: high MP 1, forlorn, divine attributes, deformed body, dopey 1, robust 2,
screaming 1, weak 1
0: Orb of Zot
}: 3/15 runes: serpentine, barnacled, slimy
a: no special abilities


You escaped.
You visited 12 branches of the dungeon, and saw 55 of its levels.
You visited the Abyss 1 time.
You visited 1 bazaar.
You also visited: Ice Cave and Wizlab.

You collected 6469 gold pieces.
You spent 4883 gold pieces at shops.

Inventory:

Missiles
 F - 12 throwing nets
Armour
 g - a +2 pair of boots (worn)
 h - a +2 pair of gloves (worn)
 s - a +2 cloak of poison resistance (worn)
 D - a +2 hat of willpower (worn)
 E - the +1 robe of the Cockatrice (worn) {rElec Regen+ Int+4 Archmagi}
   (You took it off a yaktaur on level 3 of the Vaults)

   Int:       It affects your intelligence (+4).
   rElec:     It insulates you from electricity.
   Regen:     It increases your rate of health regeneration.
   Archmagi:  It increases the power of your magical spells.
 M - an orb of energy (worn)
 S - a +2 robe of resistance
Magical Staves
 e - the staff of air "Foss" (weapon) {Fragile rElec rF++ Dex+5}
   (You took it off a deep elf knight on level 3 of the Elven Halls)

   [staff of air]

   Base accuracy: +5 Base damage: 5 Base attack delay: 1.2 This weapon's minimum
   attack delay (0.6) is reached at skill level 12.
   Dex:       It affects your dexterity (+5).
   rF:        It greatly protects you from fire.
   rElec:     It insulates you from electricity.
   Fragile:   It will be destroyed if unequipped.
   It falls into the 'Staves' category.
   It is a one-handed weapon.
Jewellery
 j - a ring of poison resistance
 k - the ring "Cuschun" {AC+4 Dex+4}
   (You found it on level 2 of the Lair of Beasts)

   [ring of protection]

   AC:        It affects your AC (+4).
   Dex:       It affects your dexterity (+4).
 m - an amulet of reflection
 p - the ring of Volod {Drain rC+ rN+ Int+2 Slay+4}
   (You found it on level 3 of the Crypt)

   [ring of slaying]

   Int:       It affects your intelligence (+2).
   Slay:      It affects your accuracy & damage with ranged weapons and melee
   (+4).
   rC:        It protects you from cold.
   rN:        It protects you from negative energy.
   Drain:     It drains your maximum health when unequipped.
 v - an amulet of magic regeneration (around neck)
 C - an amulet of regeneration
 I - the ring "Ydghiddad" {*Slow rPois EV+5 Str+4 Int+2}
   (You found it in a wizard's laboratory)

   [ring of evasion]

   EV:        It affects your evasion (+5).
   Str:       It affects your strength (+4).
   Int:       It affects your intelligence (+2).
   rPois:     It protects you from poison.
   *Slow:     It may slow you when you take damage.
 K - the ring of the Tempest (right hand) {rF+ rC+ rN+ Int+6}
   (You took it off a Cloud Mage in a wizard's laboratory)

   [ring of intelligence]

   Int:       It affects your intelligence (+6).
   rF:        It protects you from fire.
   rC:        It protects you from cold.
   rN:        It protects you from negative energy.
 N - a ring of wizardry
 O - the ring of Gisenamo (left hand) {rC+ rN+ rCorr Int+2 Dex+5}
   (You found it on level 3 of the Crypt)

   [ring of positive energy]

   Int:       It affects your intelligence (+2).
   Dex:       It affects your dexterity (+5).
   rC:        It protects you from cold.
   rN:        It protects you from negative energy.
   rCorr:     It protects you from acid and corrosion.
Wands
 d - a wand of quicksilver (46)
 z - a wand of digging (9)
 W - a wand of roots (55)
 X - a wand of flame (100)
Scrolls
 a - 10 scrolls of fog
 c - 2 scrolls of magic mapping
 i - 22 scrolls of teleportation
 q - 16 scrolls of vulnerability
 r - 2 scrolls of silence
 x - 8 scrolls of blinking
 y - 13 scrolls of fear
 H - 7 scrolls of poison
 J - 6 scrolls of immolation
 P - 7 scrolls of butterflies
 R - 6 scrolls of torment
Potions
 b - 8 potions of magic
 f - 3 potions of invisibility
 l - 10 potions of heal wounds
 o - 27 potions of curing
 t - 11 potions of might
 u - 5 potions of resistance
 w - 3 potions of ambrosia
 A - 11 potions of haste
 B - 9 potions of mutation
 G - 6 potions of berserk rage
 L - 10 potions of cancellation
 U - 10 potions of flight
 Z - 9 potions of brilliance
Miscellaneous
 n - a condenser vane
 Q - a box of beasts


   Skills:
 + Level 19.2 Fighting
 + Level 18.5 Dodging
 - Level 1.7 Stealth
 - Level 17.8 Spellcasting
 - Level 18.7 Conjurations
 - Level 4.1 Translocations
 - Level 10.0 Fire Magic
 O Level 27 Air Magic


You had 17 spell levels left.
You knew the following spells:

 Your Spells              Type           Power      Damage    Failure   Level
a - Chain Lightning       Conj/Air       98%        3d131     8%          9
b - Passage of Golubria   Tloc           100%       N/A       3%          4
c - Airstrike             Air            100%       2d(15-31) 1%          4
d - Arcjolt               Conj/Air       98%        1d108     1%          5
e - Plasma Beam           Fire/Air       93%        2x1d122   1%          6
f - Freezing Cloud        Conj/Ice/Air   88%        6-21      1%          5
g - Blink                 Tloc           100%       N/A       1%          2
h - Maxwell's Capacitive  Air            100%       ∞         1%          8

Your spell library contained the following spells:

 Spells                   Type           Power      Damage    Failure   Level
 Apportation              Tloc           100%       N/A       1%          1
 Foxfire                  Conj/Fire      100%       2x1d9     1%          1
 Kiss of Death            Conj/Necr      100%       2d13      1%          1
 Shock                    Conj/Air       100%       1d9       1%          1
 Cigotuvi's Dreadful Rot  Necr/Pois/Air  100%       N/A       1%          2
 Static Discharge         Conj/Air       100%       2-7/arc   1%          2
 Dazzling Flash           Conj/Hex       100%       N/A       1%          3
 Gell's Gravitas          Tloc           100%       N/A       1%          3
 Ignite Poison            Fire/Tmut/Pois 95%        N/A       1%          3
 Inner Flame              Hex/Fire       100%       N/A       1%          3
 Swiftness                Air            100%       N/A       1%          3
 Teleport Other           Tloc           100%       N/A       1%          3
 Vhi's Electric Charge    Tloc/Air       100%       N/A       1%          3
 Volatile Blastmotes      Fire/Tloc      100%       2d18      1%          3
 Iskenderun's Mystic Bla  Conj/Tloc      100%       2d19      1%          4
 Fireball                 Conj/Fire      73%        3d27      1%          5
 Iskenderun's Battlesphe  Conj           100%       2d15      1%          5
 Silence                  Hex/Air        84%        N/A       1%          5
 Conjure Ball Lightning   Conj/Air       98%        3x3d37    1%          6
 Starburst                Conj/Fire      73%        6d19      1%          6
 Orb of Destruction       Conj           80%        9d18      1%          7
 Beastly Appendage        Tmut           100%       N/A       2%          1
 Necrotise                Necr           100%       1d9       2%          1
 Sandblast                Erth           100%       2d20      2%          1
 Slow                     Hex            100%       N/A       2%          1
 Sting                    Tmut/Pois      100%       1d8       2%          1
 Summon Small Mammal      Summ           100%       N/A       2%          1
 Call Imp                 Summ           100%       N/A       2%          2
 Ensorcelled Hibernation  Hex/Ice        100%       N/A       2%          2
 Passwall                 Tmut/Erth      56%        N/A       2%          2
 Wereblood                Tmut           68%        N/A       2%          2
 Portal Projectile        Hex/Tloc       100%       N/A       2%          3
 Manifold Assault         Tloc           100%       N/A       3%          4
 Call Canine Familiar     Summ           68%        N/A       4%          3
 Confusing Touch          Hex            68%        N/A       4%          3
 Spider Form              Tmut/Pois      68%        N/A       4%          3
 Summon Guardian Golem    Hex/Summ       68%        N/A       4%          3
 Tukima's Dance           Hex            68%        N/A       4%          3
 Vampiric Draining        Necr           68%        2d10      4%          3
 Iron Shot                Conj/Erth      64%        9d12      4%          6
 Storm Form               Tmut/Air       84%        N/A       4%          7
 Anguish                  Hex/Necr       34%        N/A       9%          4
 Animate Armour           Summ/Erth      100%       N/A       9%          4
 Animate Dead             Necr           68%        N/A       9%          4
 Cause Fear               Hex            34%        N/A       9%          4
 Dispel Undead            Necr           68%        3d23      9%          4
 Leda's Liquefaction      Hex/Erth       34%        N/A       9%          4
 Petrify                  Tmut/Erth      68%        N/A       9%          4
 Summon Ice Beast         Ice/Summ       68%        N/A       9%          4
 Summon Forest            Summ/Tloc      43%        N/A       10%         5
 Spellforged Servitor     Conj/Summ      64%        N/A       12%         7
 Agony                    Necr           68%        N/A       17%         5
 Blade Hands              Tmut           34%        N/A       17%         5
 Borgnjor's Vile Clutch   Necr/Erth      34%        N/A       17%         5
 Lee's Rapid Deconstruct  Erth           34%        3d17*     17%         5
 Metabolic Englaciation   Hex/Ice        34%        N/A       17%         5
 Summon Mana Viper        Hex/Summ       68%        N/A       17%         5
 Yara's Violent Unravell  Hex/Tmut       34%        3d14      17%         5
 Dispersal                Tloc           50%        N/A       17%         6
 Death Channel            Necr           34%        N/A       54%         6
 Statue Form              Tmut/Erth      45%        N/A       54%         6
 Summon Cactus Giant      Summ           34%        N/A       54%         6
 Malign Gateway           Summ/Tloc      43%        N/A       80%         7
 Enfeeble                 Hex            34%        N/A       96%         7
 Monstrous Menagerie      Summ           34%        N/A       96%         7
 Ozocubu's Refrigeration  Ice            34%        4d15      96%         7
 Summon Horrible Things   Summ           34%        N/A       100%        8


Dungeon Overview and Level Annotations

Branches:
Dungeon (15/15)            Temple (0/1) D:6            Lair (5/5) D:9
 Shoals (4/4) Lair:3        Snake (4/4) Lair:3        Slime (5/5) Lair:4
    Orc (2/2) D:9             Elf (3/3) Orc:2        Vaults (4/5) D:13
  Crypt (3/3) Vaults:2       Tomb (0/3) Crypt:3      Depths (4/4) D:15
   Hell (visited)             Dis (0/7) Hell            Geh (0/7) Hell
    Coc (0/7) Hell            Tar (0/7) Hell            Zot (5/5) Depths:4
  IceCv (visited)          WizLab (visited)

Shops:
D:4 ::   Orc:1 [   Orc:2 :*[([   Elf:2 :   Vaults:3 (?[=   Depths:1 *?
Depths:2 (

Portals:
Hell: Depths:1 Depths:2 Depths:3 Depths:4
Abyss: Depths:1 Depths:3
Pandemonium: Depths:2 Depths:4
Ziggurat: Depths:4

Annotations:
D:3 2 transporters
D:7 Maggie
Elf:2 3 runed translucent doors, Azrael


Innate Abilities, Weirdness & Mutations

You have an increased reservoir of magic. (+10% MP)
You shall have no god before yourself.
Your divine heritage dramatically boosts your attributes as you level up.
Armour fits poorly on your strangely shaped body.
You are dopey. (Int -2)
You are very robust. (+20% HP)
You occasionally shout uncontrollably at your foes.
You are weak. (Str -2)


Message History

Confirm with . or Enter, or press ? or * to list all spells.
You feel a strong surge of power!
You miscast Chain Lightning.
You are very lightly contaminated with residual magic.
The air around you crackles with energy!
Magical energy flows into your mind!
Unknown command.
Casting: Chain Lightning (dangerous; 8% risk of failure)
Confirm with . or Enter, or press ? or * to list all spells.
You feel a strong surge of power! Lightning arcs from your hands!
The bolt of lightning hits the Tzitzimitl!!!
The Tzitzimitl resists.
The Tzitzimitl is moderately wounded.
The bolt of lightning hits you! You resist.
The Tzitzimitl completely misses you. x2
Casting: Chain Lightning (dangerous; 8% risk of failure)
Confirm with . or Enter, or press ? or * to list all spells.
You feel a strong surge of power! Lightning arcs from your hands!
The bolt of lightning hits the Tzitzimitl!!!!!
The Tzitzimitl resists.
You kill the Tzitzimitl!
The bolt of lightning hits you! You resist.
Magical energy flows into your mind!
You start resting.
Magic restored.
You start resting.
HP restored.
You start waiting.
Your magical contamination has completely faded away.
You start waiting.
A demonic crawler comes into view.
Casting: Chain Lightning (dangerous; 8% risk of failure)
Confirm with . or Enter, or press ? or * to list all spells.
You feel a strong surge of power! Lightning arcs from your hands!
The bolt of lightning hits the demonic crawler!!!!!
You kill the demonic crawler!
Unknown command.
You start resting.
Magic restored.
There is a staircase leading out of the dungeon here.
You have escaped!

........# ........#
........# .......##
........# ≈# ........# ≈#
........# ♣♣♣≈# ........#
♣♣♣♣♣♣≈≈≈# ........#
♣@...♣≈≈≈# .......##
♣♣...♣~≈≈# ......##
#♣♣.....≈≈≈# #######
#(......~≈≈# ...#
#P.....~≈≈≈# ##.###
#......~≈≈≈# #...#
#P......~≈≈#
#'''#########♣.♣....~~≈#
##...##.♣♣P.P♣......~~≈≈#


There were no monsters in sight!

Vanquished Creatures
  the Royal Jelly (Slime:5)
  A pandemonium lord (D:12)
  A dread lich (Zot:5)
  3 ancient liches (Crypt:3)
  9 orbs of fire
  Mara (Vaults:4)
  4 Killer Klowns
  Frederick (Vaults:4)
  Saint Roka (Orc:2)
  4 curse toes
  Geryon (Hell)
  7 golden dragons
  The ghost of christhawk the Slayer, an adept MiHu of Okawaru (Vaults:1)
  A bone dragon (Crypt:3)
  A Cloud Mage (WizLab)
  A Tzitzimitl (D:1)
  4 electric golems
  A shard shrike skeleton (Crypt:3)
  13 tentacled monstrosities
  4 deep elf blademasters
  Murray (Hell)
  Mlioglotl (Lair:3)
  10 liches
  28 Orb Guardians
  3 deep elf master archers (Elf:3)
  8 quicksilver dragons
  25 acid blobs
  10 death cobs
  4 ancient champions
  3 shadow dragons
  A sphinx (Vaults:2)
  2 tengu reavers
  A kraken (Shoals:4)
  14 storm dragons
  Kirke (D:15)
  Roxanne (Shoals:2)
  4 draconian monks
  11 azure jellies
  8 nagarajas
  A fenstrider witch (Depths:3)
  A revenant (Crypt:2)
  3 draconian knights (Zot:3)
  2 fire giants (Depths:1)
  11 rockslimes
  10 frost giants
  Aizul (Snake:4)
  Louise (D:15)
  6 balrugs
  9 draconian scorchers
  8 deep elf elementalists
  6 ghost moths
  13 vault wardens
  6 draconian shifters
  9 deep elf sorcerers
  4 draconian stormcallers
  A cacodemon (Depths:4)
  6 reapers (Hell)
  8 ghouls
  A curse skull (Crypt:3)
  2 orc warlords
  5 draconian annihilators
  A demonspawn blood saint (D:3)
  A spriggan defender (Depths:3)
  13 quicksilver oozes
  7 stone giants
  21 ironbound preservers
  3 ironbound thunderhulks
  19 green draconians
  2 war gargoyles (Vaults:4)
  5 vampire knights
  An elemental wellspring (Hell)
  21 very ugly things
  A putrid mouth (Hell)
  9 deep elf annihilators
  7 deep elf demonologists
  11 purple draconians
  6 black draconians
  3 eleionomae (Depths:3)
  2 lorocyprocas (Hell)
  14 red draconians
  20 dire elephants
  13 white draconians
  11 yellow draconians
  The ghost of Etzea the Reanimator, a journeyman BaNe of Cheibriados (Lair:5)
  A wendigo (Hell)
  A green death (Depths:2)
  5 spark wasps (WizLab)
  A crystal guardian (Hell)
  8 deep elf death magi
  5 blizzard demons
  2 iron golems
  6 eidola
  6 jiangshi
  19 ettins
  4 deep elf high priests (Elf:3)
  7 merfolk impalers
  A quicksilver dragon zombie (Vaults:4)
  3 fire dragons
  5 merfolk javelineers
  2 entropy weavers (shapeshifter)
  6 yaktaur captains
  9 great orbs of eyes
  6 salamander tyrants
  4 rakshasas
  An entropy weaver (Vaults:3)
  2 peacekeepers
  8 hydras
  22 ice dragons
  5 ghost crabs (WizLab)
  Harold (Lair:2)
  2 hell beasts (Hell)
  10 vault guards
  15 spriggan air magi
  A juggernaut simulacrum (Crypt:3)
  2 alligator snapping turtles (Shoals:4)
  4 catoblepae
  7 boulder beetles
  6 merfolk avatars
  A fenstrider witch zombie (Crypt:1)
  3 centaur warriors
  8 merfolk aquamancers
  2 satyrs (Shoals:3)
  3 death knights
  17 ironbound frosthearts
  8 tengu warriors
  5 death yaks
  3 two-headed ogres
  10 anacondas
  8 vampire magi
  14 naga warriors
  12 deep troll earth magi
  4 hell hogs (Hell)
  6 spriggan berserkers
  9 deep troll shamans
  21 dancing weapons
  9 shock serpents
  2 hell knights (Hell)
  2 titan zombies
  4 orc high priests (Orc:2)
  19 sun demons
  21 deep elf knights
  6 soul eaters
  A titan skeleton (Vaults:2)
  2 crystal echidnas (Hell)
  13 naga sharpshooters
  7 spriggans
  Amaemon (Lair:2)
  3 death drakes (WizLab)
  6 salamander mystics
  9 skeletal warriors
  2 skysharks (Shoals:1)
  7 iron trolls
  An anaconda zombie (Hell)
  78 deep trolls
  4 sixfirhies
  4 glowing orange brains
  2 shadow demons
  A spark wasp zombie (D:15)
  14 sea snakes
  A spriggan druid (Depths:3)
  11 flayed ghosts
  5 shadow wraiths
  5 wizards
  10 phantasmal warriors
  7 orc knights
  13 ironbound convokers
  A golden dragon skeleton (Depths:1)
  2 naga ritualists
  5 bog bodies
  17 deep elf archers
  9 lindwurms
  18 harpies
  8 necromancers
  4 orange crystal statues
  30 deep elf pyromancers
  2 fenstrider witch simulacra
  A wolf spider zombie (D:12)
  A sphinx zombie (D:15)
  A stone giant zombie (Crypt:2)
  13 fauns
  2 tengu skeletons (Depths:3)
  7 orc sorcerers
  3 shining eyes
  25 ugly things
  33 deep elf zephyrmancers
  13 salamanders
  4 mana vipers
  An eleionoma zombie (Crypt:1)
  A fire giant zombie (Depths:3)
  A shadow dragon skeleton (Depths:1)
  A jorogumo skeleton (Crypt:1)
  4 oklob plants (Lair:4)
  15 manticores
  5 cyclopes
  An iron dragon skeleton (Crypt:3)
  2 frost giant zombies
  11 merfolk sirens
  6 elephants (Lair:5)
  23 black mambas
  11 vault sentinels
  10 guardian serpents
  22 moths of wrath
  18 naga magi
  An apocalypse crab (WizLab)
  A rust devil (D:9)
  A frost giant skeleton (Vaults:2)
  3 gargoyles
  2 demonic crawlers
  9 smoke demons
  2 molten gargoyles (Hell)
  12 cane toads
  4 orange demons
  2 eyes of devastation
  5 centaur skeletons
  2 dire elephant skeletons
  10 rime drakes (IceCv)
  6 water nymphs
  19 freezing wraiths
  A red draconian zombie (Crypt:3)
  A shock serpent skeleton (Crypt:2)
  35 yaktaurs
  An iron troll zombie (Crypt:2)
  2 kobold demonologists (D:11)
  A sea snake zombie (Crypt:2)
  A yaktaur (shapeshifter) (D:13)
  An anaconda simulacrum (Crypt:3)
  3 dryads (Depths:3)
  A black draconian skeleton (Crypt:1)
  7 komodo dragons
  2 bunyip simulacra
  The ghost of suduhmizer the Ruffian, an amateur TrGl (D:7)
  2 spriggan skeletons (Depths:1)
  5 tengu conjurers
  2 red devils
  6 trolls
  4 ice devils
  8 polar bears
  A hellwing (Depths:2)
  A hydra skeleton (Hell)
  27 merfolk
  2 stone giant simulacra
  An iron dragon simulacrum (Hell)
  7 wind drakes
  4 hornets
  A spectral meliai (D:12)
  2 jumping spiders (Vaults:3)
  The ghost of GonguanaGonguana the Magician, an amateur DjVM (D:5)
  5 dream sheep (Lair:3)
  A tarantella (Vaults:3)
  12 snapping turtles
  4 blink frogs (Lair:3)
  133 slime creatures
  An ettin zombie (Hell)
  5 flying skulls
  A satyr skeleton (Crypt:3)
  8 air elementals
  2 ettin skeletons (Crypt:3)
  14 wraiths
  6 wyverns
  3 centaur simulacra
  4 ynoxinuls
  A spriggan (shapeshifter) (Elf:3)
  A wyvern (shapeshifter) (D:13)
  21 water elementals
  56 yaks
  A black mamba zombie (Hell)
  7 basilisks
  A hog (D:15)
  An alligator snapping turtle simulacrum (Hell)
  3 dire elephant simulacra (Crypt:3)
  3 steam dragons
  4 fire elementals
  3 neqoxecs
  6 golden eyes (Slime:1)
  2 redbacks (shapeshifter)
  5 vampire mosquitoes
  A chaos spawn (D:9)
  Menkaure (D:4)
  A two-headed ogre zombie (Crypt:2)
  4 harpy simulacra
  37 nagas
  A fire bat skeleton (Crypt:3)
  3 acid dragons (D:13)
  5 wargs
  A two-headed ogre skeleton (Crypt:3)
  2 large abominations
  16 water moccasins
  A floating eye (Depths:3)
  Duvessa (D:5)
  A faun skeleton (Crypt:1)
  32 orc warriors
  A deep troll skeleton (Crypt:2)
  4 black bears
  2 ettin simulacra (Crypt:3)
  3 spriggan simulacra
  An elephant zombie (Crypt:3)
  8 ogres
  24 wolves
  13 centaurs
  3 boggarts (Vaults:1)
  A human skeleton (Vaults:2)
  A manticore skeleton (Crypt:1)
  A blink frog skeleton (Crypt:1)
  A swamp dragon skeleton (Crypt:2)
  8 kobold brigands
  An elf zombie (Crypt:1)
  11 bullfrogs
  3 necrophages
  5 earth elementals
  3 naga simulacra (Crypt:3)
  A gnoll sergeant (D:3)
  3 scorpions
  A water moccasin zombie (D:5)
  5 wights (D:7)
  Dowan (D:5)
  A cyclops skeleton (Crypt:2)
  The ghost of cowcol the Covered, a weakling MiFi (D:3)
  A water moccasin skeleton (D:5)
  A raiju zombie (Crypt:2)
  A tengu zombie (D:15)
  12 killer bees
  5 howler monkeys
  A polar bear skeleton (Crypt:2)
  5 electric eels
  A centaur zombie (Crypt:2)
  6 crimson imps
  4 quasits (D:9)
  12 hounds
  2 jellies (D:6)
  29 orc priests
  A bullfrog skeleton (D:5)
  3 gnoll boudas
  26 orc wizards
  8 hell rats
  A howler monkey skeleton (D:5)
  22 gnolls
  A swamp drake zombie (Crypt:1)
  6 adders
  A shadow imp (D:6)
  3 white imps
  2 ufetubi (D:5)
  A worm (D:6)
  2 dart slugs
  87 orcs
  5 ball pythons
  9 bats
  A bat skeleton (Crypt:1)
  6 endoplasms
  2 giant cockroaches
  4 goblins
  6 hobgoblins
  5 jackals
  4 quokkas
  3 frilled lizards
  A giant cockroach zombie (Crypt:2)
  32 kobolds
  An orc zombie (Crypt:2)
  6 rats
  A snaplasher vine (Depths:3)
2492 creatures vanquished.

Vanquished Creatures (collateral kills)
  A black mamba (Snake:3)
  A centaur simulacrum (D:14)
  4 water moccasins (Lair:1)
6 creatures vanquished.

Vanquished Creatures (others)
  A draconian knight (Zot:3)
  An orc priest (Orc:2)
  An orc wizard (Orc:2)
3 creatures vanquished.

Grand Total: 2501 creatures vanquished

Notes
Turn   | Place    | Note
-------+----------+-------------------------------------------
     0 | D:1      | 2FriedEggs the Demigod Air Elementalist began the quest for
                  | the Orb.
     0 | D:1      | Reached XP level 1. HP: 14/14 MP: 5/5
   298 | D:1      | Reached XP level 2. HP: 16/20 MP: 1/8
  1045 | D:2      | Learned a level 2 spell: Static Discharge
  1097 | D:2      | Reached skill level 1 in Conjurations
  1112 | D:2      | Reached XP level 3. HP: 26/26 MP: 5/10
  1117 | D:2      | Reached skill level 3 in Air Magic
  1483 | D:2      | Reached XP level 4. HP: 24/33 MP: 2/11
  1979 | D:3      | Found a transporter.
  2008 | D:3      | Learned a level 4 spell: Airstrike
  2122 | D:3      | Found a transporter.
  2123 | D:3      | Noticed a gnoll sergeant
  2160 | D:3      | Found a transporter.
  2302 | D:3      | Reached skill level 4 in Air Magic
  2514 | D:3      | Found a transporter.
  2737 | D:3      | Reached XP level 5. HP: 38/38 MP: 9/12
  2948 | D:3      | Noticed cowcol's ghost (weakling MiFi)
  3331 | D:4      | Found Jounea Yghu's Book Shop.
  3986 | D:4      | Reached skill level 5 in Air Magic
  3986 | D:4      | Reached XP level 6. HP: 45/45 MP: 7/13
  4138 | D:4      | Found Qytuntakh's Book Shop.
  4323 | D:4      | Noticed Menkaure
  4334 | D:4      | Killed Menkaure
  4536 | D:5      | Entered Level 5 of the Dungeon
  4799 | D:5      | Reached skill level 6 in Air Magic
  4847 | D:5      | Noticed Dowan
  4873 | D:5      | Killed Dowan
  4874 | D:5      | Reached XP level 7. HP: 41/50 MP: 4/14
  5129 | D:5      | Found a runed translucent gate.
  5129 | D:5      | Found a runed translucent gate.
  5136 | D:5      | Found a runed translucent gate.
  5156 | D:5      | Noticed Duvessa
  5160 | D:5      | Killed Duvessa
  5248 | D:5      | Noticed GonguanaGonguana's ghost (amateur DjVM)
  5903 | D:6      | Reached skill level 7 in Air Magic
  6172 | D:6      | Identified a scroll of acquirement
  6469 | D:6      | Reached XP level 8. HP: 57/57 MP: 2/15
  6617 | D:5      | Acquired 797 gold pieces
  6684 | D:4      | Bought Maxwell's Memoranda for 456 gold pieces
  6690 | D:4      | Learned a level 5 spell: Arcjolt
  6787 | D:6      | Found a staircase to the Ecumenical Temple.
  6812 | D:6      | Reached skill level 5 in Conjurations
  7155 | D:6      | Reached skill level 8 in Air Magic
  8350 | D:6      | Reached skill level 9 in Air Magic
  8675 | D:7      | Identified the +4 trident "Moteif" {flame, *Corrode rF+
                  | Str+6}
  9061 | D:7      | Reached XP level 9. HP: 62/62 MP: 2/16
  9061 | D:7      | Noticed Maggie
  9274 | D:7      | Found a runed translucent door.
  9274 | D:7      | Noticed suduhmizer's ghost (amateur TrGl)
  9800 | D:7      | Killed suduhmizer's ghost
 10164 | D:8      | Reached skill level 10 in Air Magic
 11333 | D:8      | Found the +7 staff of the Meek {protect, meekguard}
 12115 | D:9      | Reached skill level 11 in Air Magic
 12428 | D:9      | Found a staircase to the Lair.
 12448 | D:9      | Noticed a smoke demon
 12449 | D:9      | Noticed an ice devil
 12450 | D:9      | Noticed an orange demon
 12455 | D:9      | Killed a smoke demon
 12456 | D:9      | Reached XP level 10. HP: 67/69 MP: 6/17
 12469 | D:9      | Noticed a rust devil
 13180 | D:9      | Found a staircase to the Orcish Mines.
 13270 | D:9      | Killed a rust devil
 13271 | D:9      | Reached skill level 12 in Air Magic
 14834 | D:10     | Entered Level 10 of the Dungeon
 15001 | D:10     | Reached skill level 13 in Air Magic
 15100 | D:10     | Noticed a two-headed ogre
 15113 | D:10     | Killed a two-headed ogre
 15114 | D:10     | Reached XP level 11. HP: 71/74 MP: 16/19
 15249 | D:10     | Identified the +0 rapier "Killer Bee's Regret" {venom,
                  | Stlth+}
 15781 | Lair:1   | Entered Level 1 of the Lair of Beasts
 16867 | Lair:1   | Noticed a catoblepas
 16871 | Lair:1   | Killed a catoblepas
 17006 | Lair:1   | Reached skill level 14 in Air Magic
 17165 | Lair:1   | Reached skill level 10 in Conjurations
 18371 | Lair:2   | Noticed a lindwurm
 18376 | Lair:2   | Killed a lindwurm
 18585 | Lair:2   | Noticed a seven-headed hydra
 18664 | Lair:2   | Killed a seven-headed hydra
 18665 | Lair:2   | Reached skill level 15 in Air Magic
 19038 | Lair:2   | Reached XP level 12. HP: 81/81 MP: 15/20
 19167 | Lair:2   | Identified the ring "Cuschun" {AC+4 Dex+4}
 19255 | Lair:2   | Noticed Harold
 19267 | Lair:2   | Killed Harold
 19400 | Lair:2   | Noticed Amaemon
 19404 | Lair:2   | Killed Amaemon
 20748 | Lair:3   | Noticed a seven-headed hydra
 20754 | Lair:3   | Killed a seven-headed hydra
 20755 | Lair:3   | Reached skill level 16 in Air Magic
 20935 | Lair:3   | Found a staircase to the Shoals.
 21458 | Lair:3   | Identified the ring "Bakeiliv" {Ice Str+5}
 21523 | Lair:3   | Found a staircase to the Snake Pit.
 22177 | Lair:4   | Noticed a five-headed hydra
 22185 | Lair:4   | Killed a five-headed hydra
 22323 | Lair:4   | Found a staircase to the Slime Pits.
 22678 | Lair:4   | Noticed a seven-headed hydra
 22680 | Lair:4   | Killed a seven-headed hydra
 23855 | Lair:5   | Entered Level 5 of the Lair of Beasts
 23855 | Lair:5   | Noticed a four-headed hydra
 23858 | Lair:5   | Killed a four-headed hydra
 24120 | Lair:5   | Reached XP level 13. HP: 86/86 MP: 16/21
 24123 | Lair:5   | Reached skill level 17 in Air Magic
 25065 | Lair:5   | Found a runed translucent door.
 25065 | Lair:5   | Noticed Etzea's ghost (journeyman BaNe)
 25502 | Lair:5   | Identified the +0 pair of boots "Zekhoext" {Dex+3}
 25675 | Lair:5   | Killed Etzea's ghost
 25812 | Lair:5   | Reached skill level 18 in Air Magic
 26962 | Lair:5   | Upgraded the game from 0.30.0-10-gfe55d96785 to
                  | 0.30.0-13-g156ef70053
 26962 | Lair:5   | Upgraded the game from 0.30.0-13-g156ef70053 to
                  | 0.30.0-17-ge0270778cf
 26962 | Lair:5   | Upgraded the game from 0.30.0-17-ge0270778cf to
                  | 0.30.0-18-gc0e69614cb
 27099 | Orc:1    | Entered Level 1 of the Orcish Mines
 27225 | Orc:1    | Found Moupyes's Antique Armour Shop.
 27243 | Orc:1    | Bought an encrusted scale mail for 261 gold pieces
 27243 | Orc:1    | Identified the +1 scale mail of Sif Muna's Generosity
                  | {rPois Str-5 Int+6} (You bought it in a shop on level 1 of
                  | the Orcish Mines)
 27575 | Orc:1    | You fall into a shaft and drop 1 floor!
 27575 | Orc:2    | Entered Level 2 of the Orcish Mines
 27602 | Orc:2    | Found a staircase to the Elven Halls.
 27958 | Orc:2    | Noticed Saint Roka
 28000 | Orc:2    | Found Gotirhus's Armour Shoppe.
 28037 | Orc:2    | Bought a +1 helmet of intelligence for 181 gold pieces
 28048 | Orc:2    | Bought a +2 pair of gloves for 181 gold pieces
 28939 | Orc:2    | Reached skill level 5 in Spellcasting
 29357 | Orc:2    | Reached skill level 1 in Fighting
 29420 | Orc:2    | Reached XP level 14. HP: 82/94 MP: 7/26
 29602 | Orc:2    | Noticed an orc warlord
 29647 | Orc:2    | Killed an orc warlord
 30485 | Orc:2    | Found Lukemma's Antique Armour Boutique.
 30486 | Orc:2    | Found Vubogi Vuje's Antique Weapon Shop.
 30488 | Orc:2    | Found Enluseq's General Store.
 30488 | Orc:2    | Found Ykherr's Book Boutique.
 30493 | Orc:2    | Bought a thick robe for 193 gold pieces
 30493 | Orc:2    | Identified the +1 robe of the Unbroken {Dex+2} (You bought
                  | it in a shop on level 2 of the Orcish Mines)
 30504 | Orc:2    | Gained mutation: You are vulnerable to heat. (rF-) [potion
                  | of mutation]
 30504 | Orc:2    | Gained mutation: You expend magic power (3 MP) to
                  | strengthen your wands. [potion of mutation]
 30504 | Orc:2    | Gained mutation: You have sharp toenails. [potion of
                  | mutation]
 30504 | Orc:2    | Gained mutation: You have a pair of small horns on your
                  | head. [potion of mutation]
 30505 | Orc:2    | Lost mutation: You expend magic power (3 MP) to strengthen
                  | your wands. [potion of mutation]
 30505 | Orc:2    | Lost mutation: You have a pair of small horns on your head.
                  | [potion of mutation]
 30505 | Orc:2    | Lost mutation: You have sharp toenails. [potion of
                  | mutation]
 30505 | Orc:2    | Gained mutation: Armour fits poorly on your strangely
                  | shaped body. [potion of mutation]
 30505 | Orc:2    | Gained mutation: You have hidden genetic defects. [potion
                  | of mutation]
 30506 | Orc:2    | Lost mutation: You have hidden genetic defects. [potion of
                  | mutation]
 30506 | Orc:2    | Lost mutation: You are vulnerable to heat. (rF-) [potion of
                  | mutation]
 30506 | Orc:2    | Gained mutation: You are robust. (+10% HP) [potion of
                  | mutation]
 30506 | Orc:2    | Gained mutation: You are very robust. (+20% HP) [potion of
                  | mutation]
 30563 | Orc:2    | Bought a book of Lightning for 578 gold pieces
 30570 | Orc:2    | Learned a level 6 spell: Plasma Beam
 30693 | Orc:1    | Reached skill level 1 in Fire Magic
 31542 | Orc:2    | Killed Saint Roka
 32046 | D:5      | Killed GonguanaGonguana's ghost
 32782 | Orc:2    | Bought an amulet of reflection for 390 gold pieces
 33180 | D:11     | Reached skill level 5 in Fire Magic
 37084 | D:13     | Found a gate to the Vaults.
 37109 | D:13     | Learned a level 5 spell: Freezing Cloud
 38003 | D:14     | Upgraded the game from 0.30.0-18-gc0e69614cb to
                  | 0.30.0-19-g36f170ea60
 38681 | D:14     | Identified the +1 short sword of Shame {freeze, *Rage rCorr
                  | Str+7}
 38755 | D:15     | Entered Level 15 of the Dungeon
 38768 | D:15     | Found a frozen archway.
 38772 | IceCv    | Entered an ice cave
 38884 | IceCv    | Reached skill level 10 in Fire Magic
 39049 | IceCv    | Reached XP level 15. HP: 132/132 MP: 15/28
 39295 | IceCv    | Reached skill level 5 in Fighting
 40797 | D:15     | Noticed Louise
 40802 | D:15     | Killed Louise
 41484 | D:15     | Noticed Kirke
 41487 | D:15     | Killed Kirke
 41935 | D:15     | Found a staircase to the Depths.
 42718 | Elf:1    | Entered Level 1 of the Elven Halls
 42721 | Elf:1    | Reached skill level 5 in Dodging
 43110 | Snake:1  | Entered Level 1 of the Snake Pit
 43551 | Snake:1  | HP: 5/143 [salamander/+0 trident (9)]
 43912 | Snake:1  | Learned a level 2 spell: Blink
 45189 | Snake:2  | Reached skill level 19 in Air Magic
 46280 | Snake:2  | Reached XP level 16. HP: 154/154 MP: 30/30
 48202 | Snake:4  | Entered Level 4 of the Snake Pit
 48260 | Snake:4  | Noticed Aizul
 48530 | Snake:4  | Killed Aizul
 51129 | Snake:4  | Learned a level 8 spell: Maxwell's Capacitive Coupling
 51164 | Snake:4  | Reached skill level 10 in Spellcasting
 51587 | Snake:4  | Noticed a quicksilver dragon
 51828 | Snake:4  | Noticed a quicksilver dragon
 51830 | Snake:4  | Killed a quicksilver dragon
 51872 | Snake:4  | Killed a quicksilver dragon
 52129 | Snake:4  | Got a serpentine rune of Zot
 52663 | Shoals:1 | Entered Level 1 of the Shoals
 52668 | Shoals:1 | Reached XP level 17. HP: 159/163 MP: 31/37
 52765 | Shoals:1 | Noticed Mlioglotl
 52768 | Shoals:1 | Reached skill level 20 in Air Magic
 52865 | Lair:3   | Killed Mlioglotl
 53273 | Shoals:1 | You fall into a shaft and drop 1 floor!
 53273 | Shoals:2 | Identified Roxanne's Volume of the Mesa
 53273 | Shoals:2 | Noticed Roxanne
 53278 | Shoals:2 | Killed Roxanne
 56766 | Shoals:4 | Entered Level 4 of the Shoals
 58469 | Shoals:4 | Reached skill level 21 in Air Magic
 59873 | Shoals:4 | Got a barnacled rune of Zot
 60210 | Elf:1    | Reached XP level 18. HP: 136/171 MP: 4/41
 63173 | Elf:2    | Found Juetwage's Book Emporium.
 63993 | Elf:2    | Found a runed translucent gate.
 64081 | Elf:2    | Found a runed translucent gate.
 64082 | Elf:2    | Found a runed translucent gate.
 64112 | Elf:2    | Reached skill level 22 in Air Magic
 64119 | Elf:2    | Noticed Azrael
 65064 | Depths:1 | Entered Level 1 of the Depths
 65365 | Depths:1 | Reached skill level 15 in Spellcasting
 65989 | Depths:1 | Found a one-way gate to the infinite horrors of the Abyss.
 66224 | Depths:1 | Found a gateway to Hell.
 66684 | Depths:1 | Identified the +1 glaive "Qybyriq" {freeze, Contam rCorr
                  | Int+6 Dex-5}
 66718 | Depths:1 | Found Toqej's Magic Scroll Emporium.
 66726 | Depths:1 | Bought a scroll of enchant armour for 97 gold pieces
 66727 | Depths:1 | Bought a scroll of fear for 52 gold pieces
 66727 | Depths:1 | Bought a scroll of teleportation for 39 gold pieces
 66762 | Depths:1 | Found Feirasch's Assorted Antiques.
 66766 | Depths:1 | Bought a scroll of enchant weapon for 232 gold pieces
 67157 | Depths:2 | Reached XP level 19. HP: 178/178 MP: 34/44
 67483 | Depths:2 | You fall into a shaft and drop 2 floors!
 67483 | Depths:4 | Entered Level 4 of the Depths
 68085 | Depths:2 | Found Reczokyo's Firing Range.
 68726 | Depths:2 | Reached skill level 10 in Fighting
 69130 | Depths:2 | Found a one-way gate leading to the halls of Pandemonium.
 69546 | Vaults:1 | Entered Level 1 of the Vaults
 70286 | Vaults:1 | Found a runed translucent door.
 70286 | Vaults:1 | Noticed christhawk's ghost (adept MiHu)
 70456 | Vaults:1 | Killed christhawk's ghost
 70460 | Vaults:1 | Identified the staff of conjuration "Feuzoetz" {rElec Str-4
                  | Int+3}
 71387 | Vaults:1 | Reached skill level 10 in Dodging
 72747 | Elf:3    | Entered Level 3 of the Elven Halls
 72805 | Elf:3    | Identified the +1 robe of Poor Excuses {Int+4}
 73128 | Elf:3    | Reached XP level 20. HP: 201/201 MP: 33/45
 73152 | Elf:3    | Identified the +9 falchion "Fossir" {drain, Str+3}
 73621 | Elf:3    | Identified the +4 quick blade of Sigial {vamp, Str+4}
 74835 | Elf:3    | Identified the +0 chain mail of Lucidity {Regen+ Dex+4}
 74837 | Elf:3    | Identified the staff of air "Foss" {Fragile rElec rF++
                  | Dex+5}
 75247 | Elf:3    | Identified the +6 hand axe "Zok Baza" {heavy, Fragile rF+
                  | rN++}
 75489 | Elf:3    | Identified the +4 spear "Zyfy" {drain, rF++ Str+3 Int-5
                  | SInv}
 75493 | Elf:3    | Reached skill level 23 in Air Magic
 75646 | Elf:3    | Identified the staff of poison "Reusic" {rPois rN+}
 75685 | Elf:3    | Got the Vademecum on Charms
 75692 | Elf:3    | Identified the +10 arbalest of Ifuh {drain, Drain rN+++
                  | rCorr Int-3}
 75750 | Elf:3    | Got the Teachings on the Volatile Shift
 75754 | Elf:3    | Identified the +0 scale mail "Bono Osada" {rC+ Dex+3}
 75796 | Elf:3    | Got the Compendium of the Gathering
 76121 | Vaults:2 | Reached skill level 1 in Translocations
 76765 | Vaults:2 | Found a staircase to the Crypt.
 77021 | Vaults:2 | Identified the +5 dagger "Beetlebane" {heavy, rPois Will+}
 77479 | Vaults:2 | You fall into a shaft and drop 2 floors!
 77603 | Vaults:4 | Noticed Frederick
 77613 | Vaults:4 | Killed Frederick
 78026 | Vaults:4 | Found a magical portal.
 78035 | WizLab   | Entered The Chambers of the Cloud Mage
 78148 | WizLab   | Reached skill level 24 in Air Magic
 78554 | WizLab   | Paralysed by an air elemental for 1 turns
 78929 | WizLab   | Identified the ring of the Tempest {rF+ rC+ rN+ Int+6}
 78977 | WizLab   | Got the Precepts of Ozone
 78988 | WizLab   | Identified the ring "Ydghiddad" {*Slow rPois EV+5 Str+4
                  | Int+2}
 79163 | Vaults:4 | Reached XP level 21. HP: 208/211 MP: 41/46
 79193 | Vaults:3 | Found Kaunee's Armour Boutique.
 79630 | Vaults:3 | Found a flickering gateway to a bazaar.
 79636 | Bazaar   | Entered a bazaar
 79636 | Bazaar   | Found Jozxyuwka's Jewellery Shop.
 79636 | Bazaar   | Found Dolevirr's Book Emporium.
 79667 | Bazaar   | Found Noofuq's Magic Scroll Boutique.
 79674 | Bazaar   | Bought a scroll of teleportation for 27 gold pieces
 79674 | Bazaar   | Bought a scroll of fear for 36 gold pieces
 79674 | Bazaar   | Bought a scroll of fear for 36 gold pieces
 79674 | Bazaar   | Bought a scroll of enchant armour for 67 gold pieces
 79687 | Bazaar   | Found Geagepo's Antique Armour Emporium.
 79706 | Bazaar   | Found Rivimn's Assorted Antiques.
 79713 | Bazaar   | Bought a scroll of acquirement for 1300 gold pieces
 79713 | Bazaar   | Acquired Hyathran's Catalogue of the Tempest and the
                  | Volcano
 79728 | Bazaar   | Learned a level 9 spell: Chain Lightning
 79756 | Bazaar   | Bought a pair of brightly glowing boots for 323 gold pieces
 79756 | Bazaar   | Identified the +0 pair of boots of the Armoured One
                  | {+Blink} (You bought it in a shop in a bazaar)
 79800 | Bazaar   | Bought a scroll of teleportation for 75 gold pieces
 79800 | Bazaar   | Bought a scroll of blinking for 187 gold pieces
 80326 | Vaults:3 | Reached skill level 25 in Air Magic
 80405 | Vaults:3 | Identified the +1 robe of the Cockatrice {rElec Regen+
                  | Int+4 Archmagi}
 80730 | Vaults:3 | Found Beiti's Antique Weapon Boutique.
 80852 | Vaults:2 | Found the +2 shield of Resistance {rF++ rC++ Will++}
 81089 | Vaults:3 | Found Jisat's Jewellery Emporium.
 81444 | Vaults:3 | Found Isocofits's Magic Scroll Shop.
 81447 | Vaults:3 | Bought a scroll of fear for 60 gold pieces
 81447 | Vaults:3 | Bought a scroll of magic mapping for 112 gold pieces
 81981 | Vaults:4 | Noticed Mara
 81983 | Vaults:4 | Noticed 2FriedEggs's illusion
 81984 | Vaults:4 | Killed Mara
 82491 | D:9      | Learned a level 4 spell: Passage of Golubria
 82769 | Crypt:1  | Entered Level 1 of the Crypt
 82774 | Crypt:1  | Paralysed by a vampire knight for 5 turns
 82778 | Abyss:2  | Cast into level 2 of the Abyss (vampire knight)
 82788 | Crypt:1  | Escaped the Abyss
 82956 | Crypt:1  | Reached skill level 15 in Conjurations
 83410 | Crypt:1  | Identified the +0 leather armour of the Weaver {Str+4}
 84636 | Crypt:3  | Entered Level 3 of the Crypt
 84646 | Crypt:2  | Reached XP level 22. HP: 192/219 MP: 17/47
 84708 | Crypt:3  | Noticed a curse toe
 85241 | Crypt:3  | Noticed an ancient lich
 85245 | Crypt:3  | Killed an ancient lich
 85270 | Crypt:3  | Noticed an ancient lich
 85270 | Crypt:3  | Noticed an ancient lich
 85273 | Crypt:3  | Killed an ancient lich
 85280 | Crypt:3  | Killed an ancient lich
 85409 | Crypt:3  | Killed a curse toe
 85601 | Crypt:3  | Found a staircase to the Tomb.
 85934 | Crypt:3  | Identified the ring "Tocrom" {rPois rC+ Will- Dex+6}
 85940 | Crypt:3  | Identified the ring of Gisenamo {rC+ rN+ rCorr Int+2 Dex+5}
 85940 | Crypt:3  | Identified the ring "Ezicooph" {rElec rN+}
 85942 | Crypt:3  | Identified the ring of Sophism {Fire *Corrode rElec rPois
                  | Dex+5}
 85950 | Crypt:3  | Identified the +0 chain mail of Jotev {rElec}
 85951 | Crypt:3  | Identified the ring of Volod {Drain rC+ rN+ Int+2 Slay+4}
 85967 | Crypt:3  | Identified the +1 flail of Untimely Demise {vamp, *Corrode
                  | Int+2 SInv Stlth+}
 86819 | Depths:3 | Reached skill level 26 in Air Magic
 87013 | Depths:3 | Reached XP level 23. HP: 228/228 MP: 49/49
 88432 | Depths:4 | Reached XP level 24. HP: 232/237 MP: 35/49
 88479 | Depths:4 | Reached skill level 27 in Air Magic
 88561 | Depths:4 | Found a one-way gateway to a ziggurat.
 88652 | Depths:4 | Identified the +0 robe of the Fae Turtledove {Harm rN+
                  | Int-4}
 88696 | Depths:4 | Identified the +1 robe of Bisiequgh {-Cast rElec Dex+3}
 89062 | Depths:4 | Found a gate to the Realm of Zot.
 89465 | Slime:1  | Entered Level 1 of the Pits of Slime
 90796 | Slime:5  | Entered Level 5 of the Pits of Slime
 90877 | Slime:5  | Noticed the Royal Jelly
 90883 | Slime:5  | Killed the Royal Jelly
 91055 | Slime:5  | Gained mutation: You are weak. (Str -2) [a shining eye]
 91117 | Slime:5  | Identified the staff of fire "Iroggu" {*Slow rF+ rC+ rN+}
 91137 | Slime:5  | Identified the +5 shortbow "Jotrelly" {drain, rCorr Str+5}
 91157 | Slime:5  | Got the Disquisition on Frostbitten Despicable Acts
 91162 | Slime:5  | Got a slimy rune of Zot
 91166 | Slime:5  | Identified the staff of air "Miel" {rElec rF+ Dex+2}
 91180 | Slime:5  | Identified the +9 long sword of Egis Herph {spect, rElec
                  | rC+ Will+}
 91230 | Slime:5  | Identified the +12 war axe of Elar {freeze, rN+}
 92070 | Hell     | Entered the Vestibule of Hell
 92070 | Hell     | Noticed Geryon
 92073 | Hell     | Killed Geryon
 92161 | Hell     | Noticed Murray
 92168 | Hell     | Killed Murray
 92173 | Hell     | Reached skill level 15 in Fighting
 92685 | Hell     | Found a gateway to the Iron City of Dis.
 92857 | Hell     | Found a gateway to the ashen valley of Gehenna.
 93006 | Hell     | Found a gateway to the freezing wastes of Cocytus.
 93189 | Hell     | Found a gateway to the decaying netherworld of Tartarus.
 93319 | Zot:1    | Entered Level 1 of the Realm of Zot
 93456 | Zot:1    | Reached XP level 25. HP: 239/258 MP: 34/49
 93679 | Zot:1    | Reached skill level 15 in Dodging
 94239 | Zot:1    | You fall into a shaft and drop 1 floor!
 94707 | Zot:2    | Identified the +1 scale mail of Weirdness {Drain Int+5
                  | Slay-6}
 96263 | Zot:3    | Identified the +0 ring mail of Past Mistakes {Str+3}
 96825 | Zot:4    | Noticed an orb of fire
 97008 | Zot:4    | Gained mutation: You are dopey. (Int -2) [an orb of fire]
 97009 | Zot:4    | Killed an orb of fire
 98845 | Zot:5    | Entered Level 5 of the Realm of Zot
 99323 | Zot:5    | Noticed an orb of fire
 99328 | Zot:5    | Killed an orb of fire
 99335 | Zot:5    | Reached XP level 26. HP: 204/274 MP: 19/51
 99348 | Zot:5    | Noticed a dread lich
 99352 | Zot:5    | Killed a dread lich
 99423 | Zot:5    | Noticed an orb of fire
 99431 | Zot:5    | Killed an orb of fire
 99445 | Zot:5    | Noticed an orb of fire
 99450 | Zot:5    | Killed an orb of fire
 99513 | Zot:5    | Noticed an orb of fire
 99513 | Zot:5    | Gained mutation: You occasionally shout uncontrollably at
                  | your foes. [an orb of fire]
 99516 | Zot:5    | Killed an orb of fire
 99537 | Zot:5    | Noticed an orb of fire
 99542 | Zot:5    | Killed an orb of fire
 99671 | Zot:5    | Noticed an orb of fire
 99678 | Zot:5    | Killed an orb of fire
 99829 | Zot:5    | Noticed an orb of fire
 99836 | Zot:5    | Killed an orb of fire
 99841 | Zot:5    | Noticed an orb of fire
 99843 | Zot:5    | Killed an orb of fire
100681 | Zot:5    | Got the Orb of Zot
101058 | D:12     | Noticed Pyseopp the pandemonium lord
101060 | D:12     | Killed Pyseopp the pandemonium lord
101296 | D:3      | Killed cowcol's ghost
101584 | D:$      | Escaped with the Orb!

Illustrated notes

Levels and vault maps discovered:
D:1:      kennysheep_arrival_seaside, layout_rooms, serial_bayou_pond_e
D:2:      layout_loops_ring
D:3:      gammafunk_steamed_eel, layout_basic, gammafunk_ghost_gnarly_gnolls
D:4:      layout_gridville, serial_shops, shop_statue, kennysheep_windowed_goal,
          uniq_menkaure
D:5:      layout_basic, gammafunk_ghost_necromancy, uniq_duvessa
D:6:      layout_cave_pools, marbit_many_paths, minmay_temple_entry_overgrown
D:7:      layout_basic, gammafunk_ghost_grave, chequers_hall_statues_wall_a,
          chequers_serial_rivers_small_b, uniq_maggie
D:8:      layout_rooms, led_sif_book, pf_guarded_unrand_meek
D:9:      layout_loops_corners, erik_lair_island, orc_0_dummy, serial_demonic,
          serial_demonic_b, serial_demonic_b, serial_demonic_e,
          serial_demonic_a, serial_demonic_d, serial_demonic_g, serial_demonic_e
D:10:     layout_loops_ring, kennysheep_mini
D:11:     layout_layer_cave, item_on_display_a
D:12:     layout_grid_maze, hangedman_weighted_door, grunt_qazlal_clouds
D:13:     layout_roguey, grunt_vaults_entry_fortified
D:14:     layout_basic, led_xom_imps
D:15:     gammafunk_depths_entry_grave, layout_layer_cave,
          portal_ice_cave_entry_pillars_four, chequers_serial_rivers_small_a,
          minmay_curled_crystal, evilmike_ruin_ashenzari, uniq_kirke,
          uniq_louise
Lair:1:   wander_river, layout_regular_city, beast_lair_carwin_7
Lair:2:   layout_gridlike, uniq_amaemon, uniq_harold
Lair:3:   layout_cellular_growth, minmay_shoals_entry_hut,
          guppyfry_snake_entry_island
Lair:4:   layout_layer_cave, minmay_slime_entry_oklob_open, serial_bayou_shore_a
Lair:5:   evilmike_catoblepas_cave, layout_misc_corridors,
          hellmonk_ghost_happy_afterlife
Shoals:1: layout_shoals, uniq_mlioglotl
Shoals:2: layout_shoals, uniq_roxanne
Shoals:3: layout_shoals
Shoals:4: shoals_end_hangedman, layout_shoals, nicolae_shoals_gull_way
Snake:1:  layout_onion
Snake:2:  layout_chambers
Snake:3:  layout_gridlike, basic_altar
Snake:4:  hellmonk_snake_rune_quicksilver_temple, layout_misc_corridors,
          drop_trap, uniq_aizul
Slime:1:  layout_caves
Slime:2:  layout_caves
Slime:3:  layout_caves
Slime:4:  layout_caves
Slime:5
Orc:1:    layout_caves, serial_shops, shop
Orc:2:    st_orc_congregation, layout_caves, gauntlet_entry_generic,
          serial_shops, shop, uniq_saint_roka
Elf:1:    minmay_elf_arrival_circle, layout_loops_cross, basic_altar,
          minivault_28, lemuel_upstairs_altar
Elf:2:    elven_hall_of_blades_hangedman_original
          [nicolae_blade_entry_antechamber], layout_loops_ring, serial_shops,
          nicolae_shop_back_alley_shop, hangedman_elven_crosses_minicolossus,
          uniq_azrael
Elf:3:    nooodl_elf_gasket, layout_geoelf_octagon
Vaults:1: gammafunk_ghost_grave, v_misc_11, nicolae_vaults_turnstiles,
          nicolae_vaults_whirlpool_walls, nicolae_vaults_network_barrier,
          v_pattern_3, vaults_room_pools, nicolae_vaults_cochlea,
          ontoclasm_vaults_shuriken, nicolae_vaults_house_1,
          layout_vaults_chaotic_city
Vaults:2: nicolae_vaults_little_ls, nicolae_vaults_angled_halls,
          minmay_crypt_entry_necro_gods, v_misc_23, v_misc_27,
          nicolae_vaults_surprise_closet_hard, nicolae_vaults_closet_pinwheel_2,
          nicolae_vaults_shrinking_rooms_2, nicolae_vaults_closet_pinwheel_1,
          nicolae_vaults_storage_closets_1, ontoclasm_vaults_ring_square,
          ontoclasm_vaults_ligature, nicolae_vaults_circle_grid_b,
          vaults_mumra_hex, nicolae_vaults_specimen_jars, layout_vaults_maze
Vaults:3: nicolae_vaults_tangram_2, nicolae_vaults_shelves_hall, v_misc_28,
          ontoclasm_vaults_idyll, nicolae_vaults_octothorpe,
          ontoclasm_vaults_loading_screen, layout_vaults_quadrants,
          serial_shops, bzr_entry_safe, nicolae_shop_tiny_glass,
          nicolae_shop_rolled_up, nicolae_shop_gaudy_bauble,
          nicolae_shop_tiny_real_fake_doors
Vaults:4: mu_enter_wizlab_3, nicolae_vaults_meeting, nicolae_vaults_wrenched,
          nicolae_vaults_network_quincunx
          [nicolae_vaults_network_quincunx_subvault,
          nicolae_vaults_network_quincunx_subvault,
          nicolae_vaults_network_quincunx_subvault,
          nicolae_vaults_network_quincunx_subvault,
          nicolae_vaults_network_quincunx_subvault], vaults_room_fancy_cross,
          nicolae_vaults_cornered_office, nicolae_vaults_trapezoid_3,
          v_alt_pattern_1, ontoclasm_vaults_spin, ontoclasm_vaults_gateway,
          ontoclasm_vaults_hangar, layout_vaults_omnibox, uniq_mara,
          uniq_frederick
Crypt:1:  layout_rooms
Crypt:2:  layout_gridlike, roderic_lattice_octagonal_star
Crypt:3:  david_glass_crypt, layout_chaotic_city,
          nicolae_tomb_entry_rubble_hallway, st_chilly_death
Depths:1: layout_basic, kennysheep_another_room, serial_shops, shop,
          nicolae_abyss_entry_one_way_or_another, hell_entry, feat_on_display,
          minmay_shop_star
Depths:2: grunt_double_whammy, layout_cave_shapes, nemelex_spade_bored_becter,
          rand_demon_pan_entry_9, hell_entry, st_stairs_11,
          nicolae_shop_firing_range, serial_bayou_shore_b,
          infiniplex_staircase_squiggle
Depths:3: nicolae_terramorphic_expanse [nicolae_terramorphic_quarter,
          nicolae_terramorphic_quarter, nicolae_terramorphic_quarter,
          nicolae_terramorphic_quarter, nicolae_terramorphic_quarter,
          nicolae_terramorphic_biome, nicolae_terramorphic_biome,
          nicolae_terramorphic_biome, nicolae_terramorphic_biome],
          layout_gridlike, abyss_entry, serial_sigils_hangedman_confine,
          hell_entry
Depths:4: grunt_twist_and_shout, layout_cave_pools, enter_ziggurat_e,
          hell_entry, rand_demon_pan_entry_7, serial_bayou_pond_d,
          grunt_tower_of_power
Hell
Zot:1:    layout_concentric_octagons
Zot:2:    layout_onion_interference
Zot:3:    layout_gridlike, grunt_ministairs_5
Zot:4:    layout_cathedral_of_symmetry
Zot:5:    layout_onion

Skill      XL: |  1  2  3  4  5  6  7  8  9 10 11 12 13 14 15 16 17 18 19 20 21 22 23 24 25 26 |
---------------+-------------------------------------------------------------------------------+-----
Spellcasting   | 2 3 5 6 11 13 15 17 | 17.8
Conjurations   | 1 2 3 4 6 7 9 10 12 13 16 18 | 18.7
Air Magic      | 3 4 5 6 7 9 11 13 15 16 18 19 21 22 24 25 26 27 | 27.0
Fighting       | 1 3 8 12 15 17 19 | 19.2
Fire Magic     | 10 | 10.0
Dodging        | 6 10 11 14 16 18 | 18.5
Translocations | 4 |  4.1
Stealth        | |  1.7

Action                     |  1- 3 |  4- 6 |  7- 9 | 10-12 | 13-15 | 16-18 | 19-21 | 22-24 | 25-27 || total
---------------------------+-------+-------+-------+-------+-------+-------+-------+-------+-------++-------
  Melee: Dagger            |    42 |       |       |       |       |       |       |       |       ||    42
         Demon whip        |       |     7 |       |       |     8 |     4 |       |       |       ||    19
         Staff             |       |     6 |    60 |    44 |   111 |    40 |    26 |    10 |     9 ||   306
         Punch             |       |       |     4 |     1 |       |       |       |       |       ||     5
  Throw: Javelin           |     1 |       |       |       |       |       |       |       |       ||     1
   Cast: Shock             |    72 |   103 |    24 |       |     1 |       |       |       |       ||   200
         Static Discharge  |     1 |     1 |    28 |    75 |    13 |       |       |       |       ||   118
         Airstrike         |       |     8 |    68 |   222 |    90 |    77 |    49 |     1 |     1 ||   516
         Arcjolt           |       |       |    38 |    30 |   174 |    51 |    25 |       |       ||   318
         Plasma Beam       |       |       |       |       |   230 |   515 |   490 |   127 |       ||  1362
         Freezing Cloud    |       |       |       |       |     3 |       |       |       |       ||     3
         Maxwell's Capacit |       |       |       |       |       |    30 |    14 |     6 |    16 ||    66
         Chain Lightning   |       |       |       |       |       |       |    42 |   199 |   220 ||   461
  Evoke: Wand              |       |       |     3 |     5 |    18 |     4 |       |       |       ||    30
         Box of beasts     |       |       |       |     1 |     2 |     2 |       |       |       ||     5
         Condenser vane    |       |       |       |       |     1 |     1 |       |       |       ||     2
    Use: Scroll            |       |       |    13 |    13 |    19 |    11 |    15 |     1 |     7 ||    79
         Potion            |       |       |       |     2 |     8 |     1 |     2 |     1 |       ||    14
   Stab: Sleeping          |       |     1 |     1 |       |       |       |       |       |       ||     2
         Paralysed         |       |       |       |     9 |       |       |       |       |       ||     9
 Armour: Robe              |    17 |     4 |    23 |    68 |   178 |   138 |    73 |    34 |    12 ||   547
  Dodge: Dodged            |    56 |    18 |   121 |   157 |   257 |   221 |   228 |    88 |    98 ||  1244
  Block: Orb               |       |       |       |       |    39 |    74 |    21 |       |       ||   134
         Reflection        |       |       |       |       |    11 |    12 |     2 |       |       ||    25
